Map: King's Cove LE

Players

GoTime - Winner!

  • Race: Zerg Zerg
  • League: Silver
  • Spawn Location: 5:00

Smileblind

  • Race: Protoss Protoss
  • League: Silver
  • Spawn Location: 11:00

VOD

Have the link to the VOD?

Description

Time

  • Played on: Feb. 7, 2019, 12:15 p.m.
  • Length: 12:01
Show
View Real Time Build Order
Export as new Build Order

GoTime Zerg - Winner!

Build Orders: Pool First 

Get SALT Encoding   

  12  0:18  Drone x2  
  14  0:22  Extractor  
  14  0:23  Drone  
  15  0:35  Spawning Pool  
  14  0:38  Extractor  
  13  0:46  Overlord  
  13  1:14  Hatchery  
  12  1:31  Queen  
  14  1:43  Metabolic Boost  
  14  1:49  Drone  
  15  1:55  Drone  
  15  1:59  Drone  
  17  2:04  Drone  
  18  2:12  Drone  
  19  2:26  Drone  
  19  2:27  Overlord  
  20  2:34  Drone  
  21  2:45  Zergling x4  
  21  2:46  Zergling x4  
  25  2:59  Extractor  
  25  3:02  Lair  
  24  3:07  Drone x2  
  24  3:08  Drone x2  
  28  3:18  Queen  
  30  3:25  Spore Crawler  
  29  3:37  Spore Crawler  
  25  3:51  Zergling x12  
  25  3:52  Zergling x2  
  31  3:59  Overlord  
  31  4:15  Drone x4  
  31  4:16  Drone  
  36  4:43  Zergling x6  
  36  4:44  Zergling x2  
  38  5:10  Drone x4  
  38  5:11  Drone x2  
  41  5:34  Drone x4  
  43  5:41  Extractor  
  42  5:44  Extractor  
  42  5:48  Evolution Chamber  
  40  5:52  Baneling Nest  
  39  6:05  Hydralisk Den  
  39  6:08  Evolution Chamber  
  39  6:09  Overlord  
  39  6:10  Hatchery  
  36  6:13  Pneumatized Carapace  
  36  6:25  Zerg Missile Weapons Level 1  
  36  6:28  Drone x6  
  42  6:35  Grooved Spines  
  42  6:36  Overseer  
  42  6:40  Zerg Melee Weapons Level 1  
  42  6:50  Drone x4  
  47  7:15  Drone x2  
  47  7:16  Drone x2  
  47  7:17  Evolution Chamber  
  49  7:27  Overlord x2  
  49  7:28  Overlord  
  49  7:34  Centrifical Hooks  
  49  7:48  Baneling x7  
  49  7:49  Baneling  
  49  7:50  Zergling x6  
  49  7:51  Zergling x6  
  55  7:57  Zerg Ground Armor Level 1  
  55  8:03  Drone  
  56  8:06  Extractor  
  56  8:07  Extractor  
  56  8:09  Drone x4  
  56  8:10  Drone x4  
  62  8:16  Hydralisk x2  
  66  8:20  Baneling x4  
  66  8:21  Baneling x6  
  66  8:22  Baneling x2  
  66  8:23  Hydralisk x3  
  72  8:28  Muscular Augments  
  72  8:33  Drone x3  
  75  8:38  Zerg Missile Weapons Level 2  
  75  8:40  Zerg Melee Weapons Level 2  
  75  8:45  Overlord x3  
  75  8:56  Spore Crawler  
  74  9:04  Drone  
  74  9:05  Drone x5  
  80  9:11  Hatchery  
  80  9:13  Overlord  
  79  9:23  Hydralisk x3  
  85  9:27  Hydralisk x2  
  89  9:40  Hydralisk x2  
  89  9:41  Hydralisk  
  95  10:13  Zergling x8  
  95  10:14  Zergling x10  
  104  10:31  Hydralisk x3  
  104  10:32  Hydralisk  
  112  10:47  Overlord x3  
  112  10:51  Hydralisk x4  
  112  10:56  Baneling x6  
  112  10:57  Baneling x6  
  120  10:58  Baneling x6  
  120  11:14  Hydralisk x2  
  120  11:15  Hydralisk x6  
  120  11:16  Hydralisk  
  120  11:18  Hydralisk x3  
  144  11:27  Extractor  
  144  11:28  Overlord x2  
  144  11:29  Extractor  
  144  11:32  Overseer x2  
  142  11:36  Hydralisk  
  142  11:38  Overlord x3  
Show
View Real Time Build Order
Export as new Build Order

Smileblind Protoss 

Build Orders:  

Get SALT Encoding   

  12  0:02  Probe  
  13  0:14  Probe  
  14  0:21  Pylon  
  14  0:26  Probe  
  15  0:39  Probe  
  16  0:48  Gateway  
  16  0:51  Probe  
  17  0:59  Assimilator  
  17  1:00  Probe  
  17  1:04  Assimilator  
  18  1:08  Probe  
  18  1:18  Probe  
  19  1:19  Gateway  
  20  1:30  Probe  
  21  1:37  Cybernetics Core  
  21  1:42  Probe  
  21  1:47  Pylon  
  22  1:54  Warp Gate  
  22  1:56  Gateway  
  22  2:02  Pylon  
  22  2:16  Pylon  
  22  2:19  Adept  
  24  2:23  Adept  
  26  2:36  Stargate  
  26  2:55  Robotics Facility  
  26  3:00  Adept  
  29  3:45  Stalker  
  29  4:03  Pylon  
  29  4:05  Nexus  
  29  4:08  Shield Battery x2  
  29  4:14  Pylon  
  29  4:15  Stalker, Pylon  
  29  4:18  Probe  
  30  4:30  Stalker, Probe  
  32  4:44  Stalker  
  11  5:14  Stalker  
  12  5:35  Probe  
  13  6:05  Probe  
  14  6:25  Probe  
  15  6:43  Probe  
  16  6:56  Probe  
  17  7:05  Probe  
  18  7:16  Probe  
  19  7:25  Probe  
  20  7:33  Probe  
  21  7:42  Probe  
  22  7:53  Probe  
  23  8:01  Probe  
  23  8:10  Probe  
  24  8:18  Probe  
  24  8:19  Probe  
  25  8:26  Probe  
  27  8:27  Probe  
  29  8:37  Probe x2  
  31  8:49  Probe  
  31  8:50  Assimilator, Probe  
  33  8:58  Probe  
  33  9:02  Probe  
  35  9:07  Probe  
  35  9:10  Sentry  
  35  9:11  Sentry  
  35  9:14  Probe  
  35  9:15  Probe  
  42  9:24  Assimilator  
  42  9:26  Probe  
  42  9:27  Probe  
  42  9:29  Protoss Air Weapons Level 1, Void Ray  
  48  9:37  Probe  
  48  9:38  Probe  
  49  9:45  Probe  
  50  9:50  Probe  
  52  9:53  Probe  
  53  10:02  Probe  
  53  10:05  Probe  
  55  10:11  Fleet Beacon  
  55  10:17  Probe  
  55  10:18  Gateway, Void Ray  
  60  10:25  Probe  
  60  10:33  Probe  
  60  10:35  Stalker  
  63  10:37  Stalker  
  66  10:44  Probe  
  66  10:49  Pylon  
  67  10:51  Pylon  
  67  10:56  Probe  
  68  11:00  Twilight Council  
  74  11:17  Pylon  
Tags
 
Add a new tag
Caveats
  • Supply blocks, unpowered buildings, or Contaminate may cause inaccurate times.
  • Supply counts are checked every 10 seconds.